 Dungeon Sprint DCSS version 0.18.1-50-g88ac8fd (webtiles) character file.

588 lorenzova the Protected (level 7, 0/74 HPs)
             Began as a Minotaur Fighter on Oct 15, 2016.
             Was an Initiate of Qazlal.
             Slain by Sonja
             ... wielding a +0 dagger of draining
              (7 damage)
             ... in the Dungeon (Sprint I: "Red Sonja").
             The game lasted 00:01:49 (553 turns).

lorenzova the Protected (Minotaur Fighter)           Turns: 553, Time: 00:01:49

Health: 0/74       AC:  6    Str: 23    XL:     7   Next: 15%
Magic:  6/6        EV:  7    Int:  5    God:    Qazlal [......]
Gold:   182        SH:  9    Dex:  9    Spells: 0 memorised, 6 levels left

rFire  . . .     SeeInvis .     a - +0 war axe
rCold  . . .     Gourm    +     b - +0 scale mail
rNeg   . . .     Faith    .     c - +0 shield
rPois  .         Spirit   .     (helmet restricted)
rElec  +         Dismiss  .     (no cloak)
rCorr  .         Reflect  .     (no gloves)
SustAt .         Harm     .     (no boots)
MR     .....     NoTele   +     l - amulet "Opiuclaz" {Gourm rElec}
Stlth  ..........               (no ring)
                                (no ring)

@: lethally poisoned (0 -> -2), slowed, very heavily drained, very slow, not
resistant to hostile enchantments, extremely unstealthy
A: retaliatory headbutt, horns 2
a: Renounce Religion


You were in the Dungeon.
You worshipped Qazlal.
Qazlal was noncommittal.
You were not hungry.

You visited 1 branch You collected 297 gold pieces.
You spent 115 gold pieces at shops.

Inventory:

Hand Weapons
 a - a +0 war axe (weapon)
Armour
 b - a +0 scale mail (worn)
 c - a +0 shield (worn)
Jewellery
 l - the amulet "Opiuclaz" (around neck) {Gourm rElec}
   (You bought it in a shop in the Dungeon)

   [amulet of the gourmand]

   It allows you to eat raw meat even when not hungry.
   It insulates you from electricity.
Scrolls
 k - a scroll of blinking
Potions
 d - a potion of might
 e - a potion of curing
 g - 2 potions of heal wounds
 h - a potion of haste
 i - 2 potions of magic
 j - a potion of berserk rage
Comestibles
 f - a bread ration


   Skills:
 + Level 11.1(2.9) Fighting
 - Level 2.4(0.0) Axes
 + Level 11.1(2.9) Armour
 + Level 11.1(2.9) Shields


You had 6 spell levels left.
You didn't know any spells.

Dungeon Overview and Level Annotations

Branches:
Dungeon (1/1)

Altars:
Cheibriados
Dithmenos
Elyvilon
Fedhas
Gozag
Kikubaaqudgha
Makhleb
Nemelex Xobeh
Okawaru
Pakellas
Qazlal
Ru
Sif Muna
Trog
Vehumet
Xom
Yredelemnul
Zin
The Shining One
Jiyva

Shops:
D *

Annotations:
D Sonja


Innate Abilities, Weirdness & Mutations

You reflexively headbutt those who attack you in melee.
You have a pair of horns on your head.


Message History

Sonja is moderately wounded.
You feel sick. You block Sonja's attack. x2
Sonja hits you with an uncursed dagger of draining.
* * * LOW HITPOINT WARNING * * *
You feel drained. You block Sonja's attack. Sonja hits you but does no damage.
You feel drained.
Sonja hits you with an uncursed dagger of draining.
* * * LOW HITPOINT WARNING * * *
You feel drained.
* * * LOW HITPOINT WARNING * * *
Sonja casts a spell.
Sonja blinks!
You feel sick. You block Sonja's attack. x4
Sonja hits you but does no damage.
You feel drained. Sonja closely misses you.
You completely miss Sonja. Your headbutt misses Sonja.
Sonja is moderately wounded.
You feel sick.
Sonja bows elegantly.
Sonja hits you with an uncursed dagger of draining!
You die...

#..####..#...#.####
#..#__####..##[#
#..#_.___##'#..+
#⌠⌠#_.∩...'.(._#
####_..._##_(#+#
#_____###(#
#########(##


+$K$+ #$@$# ##.## #+# You could see Sonja.

Vanquished Creatures
  A slime creature (D)
  Sigmund (D)
  A yak (D)
  An ogre (D)
  A jelly (D)
  Ijyb (D)
6 creatures vanquished.

Notes
Turn   | Place    | Note
--------------------------------------------------------------
     0 | D        | lorenzova the Minotaur Fighter began the quest for the Orb.
     0 | D        | Reached XP level 1. HP: 19/19 MP: 0/0
     1 | D        | Noticed Ijyb
    16 | D        | Killed Ijyb
    16 | D        | Reached skill level 5 in Fighting
    16 | D        | Reached skill level 5 in Armour
    16 | D        | Reached skill level 5 in Shields
    16 | D        | Reached XP level 2. HP: 20/29 MP: 1/1
   115 | D        | Noticed an ogre
   119 | D        | Killed an ogre
   119 | D        | Reached XP level 3. HP: 16/39 MP: 2/2
   119 | D        | Reached XP level 4. HP: 20/47 MP: 3/3
   298 | D        | Noticed Sigmund
   306 | D        | Killed Sigmund
   306 | D        | Reached XP level 5. HP: 48/57 MP: 4/4
   374 | D        | Found a snail-covered altar of Cheibriados.
   374 | D        | Found a viscous altar of Jiyva.
   374 | D        | Found a shadowy altar of Dithmenos.
   374 | D        | Found a blossoming altar of Fedhas.
   374 | D        | Noticed a slime creature
   383 | D        | Killed a slime creature
   383 | D        | Reached skill level 10 in Fighting
   383 | D        | Reached skill level 10 in Armour
   383 | D        | Reached skill level 10 in Shields
   383 | D        | Reached XP level 6. HP: 48/67 MP: 5/5
   469 | D        | Found a deep blue altar of Sif Muna.
   471 | D        | Found a radiant altar of Vehumet.
   494 | D        | Found Qaokenav's Assorted Antiques.
   494 | D        | Found a white marble altar of Elyvilon.
   494 | D        | Found a stormy altar of Qazlal.
   494 | D        | Found a burning altar of Makhleb.
   494 | D        | Found a sacrificial altar of Ru.
   494 | D        | Found an oddly glowing altar of Pakellas.
   494 | D        | Found a basalt altar of Yredelemnul.
   494 | D        | Found a glowing golden altar of the Shining One.
   494 | D        | Found a sparkling altar of Nemelex Xobeh.
   494 | D        | Found a shimmering altar of Xom.
   494 | D        | Found an opulent altar of Gozag.
   494 | D        | Found an ancient bone altar of Kikubaaqudgha.
   494 | D        | Found a glowing silver altar of Zin.
   494 | D        | Noticed a yak
   502 | D        | Killed a yak
   502 | D        | Reached XP level 7. HP: 69/74 MP: 6/6
   503 | D        | Found an iron altar of Okawaru.
   504 | D        | Found a bloodstained altar of Trog.
   508 | D        | Became a worshipper of Qazlal Stormbringer
   511 | D        | Bought a wavering crystal amulet for 115 gold pieces
   513 | D        | Identified the amulet "Opiuclaz" {Gourm rElec} (You bought it in a shop in the Dungeon)
   539 | D        | Noticed Sonja
   553 | D        | Slain by Sonja

Skill      XL: |  1  2  3  4  5  6 |
---------------+-------------------+-----
Fighting       | 5 7 9 10 11 | 11.1
Armour         | 5 7 9 10 11 | 11.1
Shields        | 5 7 9 10 11 | 11.1
Axes           | |  2.4

Action                   |  1- 3 |  4- 6 |  7- 9 || total
-------------------------+-------+-------+-------++-------
Melee: War axe           |    17 |    23 |     8 ||    48
       Headbutt          |     1 |     7 |       ||     8
  Eat: Chunk             |       |       |     6 ||     6
Armor: Scale mail        |     2 |     4 |    15 ||    21
Dodge: Dodged            |     2 |     4 |    15 ||    21
Block: Shield            |     9 |    12 |    25 ||    46
